 Dungeon Crawl Stone Soup version 0.31-a0-1278-g11c5b68f87 (webtiles) character file.

Game seed: 18090788692638972878

9617 grandjackal the Fighter (level 11, -1/102 HPs)
             Began as a Grey Draconian Gladiator on Dec 17, 2023.
             Was an Initiate of Gozag.
             Slain by an alligator (12 damage)
             ... on level 11 of the Dungeon.
             The game lasted 00:17:22 (10801 turns).

grandjackal the Fighter (Grey Draconian Gladiator) Turns: 10801, Time: 00:17:22

Health: -1/102     AC: 12    Str: 16    XL:     11   Next: 25%
Magic:  11/11      EV: 17    Int:  8    God:    Gozag
Gold:   1255       SH:  5    Dex: 18    Spells: 10/10 levels left

rFire   . . .        a - +0 long sword
rCold   . . .        x - +0 buckler
rNeg    + . .        (body armour unavailable)
rPois   .            b - +0 hat
rElec   +            (no cloak)
rCorr   .            (no gloves)
SInv    .            (no boots)
Will    .....        A - amulet "Fina" {rElec Regen+}
Stlth   ++           w - ring of positive energy
HPRegen 1.17/turn    n - ring of flight
MPRegen 0.12/turn

%: no passive effects
@: flying, hasted, very quick
A: AC +12, amphibious, unfitting armour, cold-blooded
a: Renounce Religion, Potion Petition, Call Merchant, Bribe Branch


You were on level 11 of the Dungeon.
You worshipped Gozag.
Gozag was most pleased with you.
You visited 1 branch of the dungeon, and saw 11 of its levels.

You collected 1876 gold pieces.
You spent 575 gold pieces at shops.
You paid 46 gold pieces to Gozag.

Inventory:

Hand Weapons
 a - a +0 long sword (weapon)
 B - a +0 dagger of protection
Missiles
 d - a javelin
 v - 4 throwing nets
Armour
 b - a +0 hat (worn)
 x - a +0 buckler (worn)
Jewellery
 c - a ring of magical power
 k - a ring of magical power
 n - a ring of flight (right hand)
 w - a ring of positive energy (left hand)
 A - the amulet "Fina" (around neck) {rElec Regen+}
   (You bought it in a shop on level 3 of the Dungeon)

   [amulet of regeneration]

   rElec:     It insulates you from electricity.
   Regen+:    It increases your rate of health regeneration.
Wands
 u - a wand of flame (3)
 E - a wand of roots (15)
Scrolls
 e - 4 scrolls of vulnerability
 i - a scroll of poison
 l - 5 scrolls of amnesia {unknown}
 m - 2 scrolls of enchant armour
 o - 2 scrolls of teleportation
 p - 2 scrolls of blinking
 q - a scroll of enchant weapon
 r - 4 scrolls of fog
 s - a scroll of torment
 y - a scroll of fear {unknown}
Potions
 f - 3 potions of curing
 g - 4 potions of heal wounds
 h - a potion of lignification
 j - a potion of resistance
 t - a potion of cancellation
 z - a potion of magic


   Skills:
 + Level 11.5 Fighting
 + Level 10.7 Long Blades
 - Level 2.0 Throwing
 + Level 8.8 Dodging
 - Level 4.4 Shields


You had 10 spell levels left.
You didn't know any spells.
Your spell library contained the following spells:

 Spells                   Type           Power      Damage    Failure   Level
 Kiss of Death            Conj/Necr      0%         2d5       50%         1
 Magic Dart               Conj           0%         1d3       50%         1
 Call Imp                 Summ           0%         N/A       63%         2
 Ensorcelled Hibernation  Hex/Ice        0%         N/A       63%         2
 Jinxbite                 Hex            0%         N/A       63%         2
 Passwall                 Tmut/Erth      0%         N/A       63%         2
 Confusing Touch          Hex            0%         N/A       86%         3
 Frozen Ramparts          Ice            0%         1d1       86%         3
 Mephitic Cloud           Conj/Pois/Air  0%         N/A       86%         3
 Stone Arrow              Conj/Erth      0%         3d7       86%         3
 Swiftness                Air            0%         N/A       86%         3
 Anguish                  Hex/Necr       0%         N/A       99%         4
 Dispel Undead            Necr           0%         3d6       99%         4
 Leda's Liquefaction      Tmut/Erth      0%         N/A       99%         4
 Olgreb's Toxic Radiance  Pois           0%         N/A       99%         4
 Petrify                  Tmut/Erth      0%         N/A       99%         4
 Metabolic Englaciation   Hex/Ice        0%         N/A       100%        5
 Summon Cactus Giant      Summ           0%         N/A       100%        6
 Discord                  Hex            0%         N/A       100%        8
 Ignition                 Fire           0%         3d3       100%        8
 Dragon's Call            Summ           0%         N/A       100%        9


Dungeon Overview and Level Annotations

Branches:
Dungeon (11/15)            Temple (0/1) D:4            Lair (0/5) D:9
    Orc (0/2) D:9

Altars:
Dithmenos
Elyvilon
Gozag
Kikubaaqudgha
Nemelex Xobeh
Okawaru
Qazlal
Sif Muna
Trog
Wu Jian
The Shining One

Shops:
D:3 =*:?(   D:4 !   D:7 (:*:(   D:10 *:


Innate Abilities, Weirdness & Mutations

Your dull iron-grey scales are very hard. (AC +12)
You are amphibious.
You cannot fit into any form of body armour.
You are cold-blooded and may be slowed by cold attacks.


Message History

You hit the alligator. You tail-slap the alligator.
The alligator is moderately wounded.
You completely miss the alligator.
Your tail-slap misses the alligator.
The alligator is moderately wounded.
The alligator barely misses you.
The alligator tail-slaps you but does no damage.
You hit the alligator.
The alligator is moderately wounded.
The alligator completely misses you. x2
You hit the alligator.
The alligator is heavily wounded.
The alligator bites you.
The alligator tail-slaps you but does no damage.
You closely miss the alligator.
The alligator is moderately wounded.
The alligator bites you! The alligator completely misses you.
You slash the alligator!
The alligator is severely wounded.
You slash the alligator!
The alligator is almost dead.
The alligator bites you!
* * * LOW HITPOINT WARNING * * *
You block the alligator's attack.
You hit the alligator.
The alligator is almost dead.
The alligator bites you!!
* * * LOW HITPOINT WARNING * * *
The alligator tail-slaps you.
* * * LOW HITPOINT WARNING * * *
You hit the alligator.
The alligator is almost dead.
The alligator closely misses you.
The alligator tail-slaps you but does no damage.
You hit the alligator but do no damage.
The alligator is almost dead.
You hit the alligator.
The alligator is almost dead.
The alligator bites you!
You die...
Your body crumbles into a pile of gold.

..#####.#####.##..#
#........#)....#..#
################..#
.........#
.........#
.........#
######..## ##.# #@#
###l#


#lll# #[.l### ##l# ... ### You could see an alligator, a basilisk, an iguana and
2 frilled lizards.

Vanquished Creatures
  A two-headed ogre (D:10)
  Joseph (D:7)
  2 trolls
  Sigmund (D:2)
  2 shadows
  12 yaks (D:9)
  3 wyverns
  A steam dragon (D:5)
  4 vampire mosquitoes (D:11)
  3 acid dragons
  A water moccasin (D:7)
  4 orc warriors
  A black bear (D:6)
  2 sky beasts
  2 ogres
  2 wolves (D:9)
  3 centaurs
  4 bullfrogs
  4 gnoll sergeants
  2 scorpions
  13 wights
  13 killer bees
  A howler monkey (D:9)
  4 electric eels
  2 jellies
  8 hounds
  8 orc priests
  2 iguanas
  A sleepcap (D:6)
  Jessica (D:2)
  6 orc wizards
  2 hell rats (D:11)
  23 gnolls
  7 adders
  4 river rats (D:11)
  3 white imps
  4 ufetubi
  2 worms (D:2)
  2 dart slugs
  47 orcs
  4 bats
  7 endoplasms
  3 giant cockroaches
  4 goblins
  4 hobgoblins
  6 jackals
  3 kobolds
  5 quokkas
  6 ball pythons
  3 frilled lizards
  7 rats
260 creatures vanquished.

Vanquished Creatures (others)
  A sky beast (D:6)
1 creature vanquished.

Grand Total: 261 creatures vanquished

Notes
Turn   | Place    | Note
-------+----------+-------------------------------------------
     0 | D:1      | grandjackal the Draconian Gladiator began the quest for the
                  | Orb.
     0 | D:1      | Reached XP level 1. HP: 17/17 MP: 1/1
   550 | D:1      | Reached XP level 2. HP: 22/25 MP: 2/2
   718 | D:1      | Found a faded altar of an unknown god.
   766 | D:1      | HP: 1/25 [ball python (3)]
  1090 | D:1      | HP: 1/25 [gnoll/+0 spear (4)]
  1092 | D:1      | Reached XP level 3. HP: 2/30 MP: 3/3
  1208 | D:2      | Reached skill level 3 in Fighting
  1471 | D:2      | Reached XP level 4. HP: 17/38 MP: 4/4
  1603 | D:2      | Noticed Sigmund
  1617 | D:2      | Killed Sigmund
  1618 | D:2      | Reached skill level 4 in Fighting
  1618 | D:2      | Reached XP level 5. HP: 13/46 MP: 5/5
  1829 | D:2      | Noticed Jessica
  1836 | D:2      | Killed Jessica
  1837 | D:2      | Reached XP level 6. HP: 47/53 MP: 6/6
  2124 | D:3      | Found Dulet's Book Boutique.
  2209 | D:3      | Found Camoosev's Magic Scroll Shop.
  2212 | D:3      | Found Zeseagoa's Weapon Shop.
  2228 | D:3      | Bought a scroll of fog for 40 gold pieces
  2228 | D:3      | Bought a scroll of teleportation for 30 gold pieces
  2228 | D:3      | Bought a scroll of identify for 20 gold pieces
  2235 | D:3      | Bought a scroll of identify for 20 gold pieces
  2329 | D:3      | Found Yggusog's General Store.
  2373 | D:3      | Found Cauqeoh's Jewellery Shop.
  2617 | D:4      | Found an opulent altar of Gozag.
  2860 | D:4      | Found an ancient bone altar of Kikubaaqudgha.
  3140 | D:4      | Reached skill level 5 in Long Blades
  3201 | D:4      | Found a shadowy altar of Dithmenos.
  3278 | D:4      | Found Nuhuen's Distillery.
  3286 | D:4      | Reached skill level 5 in Fighting
  3325 | D:4      | Found a staircase to the Ecumenical Temple.
  3453 | D:4      | Found a stormy altar of Qazlal.
  3690 | D:5      | Entered Level 5 of the Dungeon
  3712 | D:5      | Your scales start taking on a dull iron-grey colour.
  3712 | D:5      | Reached XP level 7. HP: 53/61 MP: 7/7
  4008 | D:5      | Found a white marble altar of Elyvilon.
  4129 | D:5      | Reached skill level 5 in Dodging
  4578 | D:4      | Became a worshipper of Gozag Ym Sagoz the Greedy
  4663 | D:6      | Reached skill level 6 in Fighting
  4790 | D:6      | Reached XP level 8. HP: 69/71 MP: 8/8
  5242 | D:6      | Reached skill level 7 in Fighting
  5550 | D:6      | Found an iron altar of Okawaru.
  6862 | D:6      | Reached XP level 9. HP: 73/81 MP: 9/9
  6973 | D:7      | Reached skill level 8 in Fighting
  7006 | D:7      | Noticed Joseph
  7027 | D:7      | Killed Joseph
  7364 | D:7      | Found Teheutro's Antique Weapon Boutique.
  7385 | D:7      | Found Ryuto's Book Shop.
  7386 | D:7      | Found Oreimih's Book Emporium.
  7386 | D:7      | Found Xieraqad's General Store.
  7400 | D:7      | Found Xamaegut's Weapon Shoppe.
  7528 | D:7      | Reached skill level 1 in Shields
  7547 | D:7      | Found a sparkling altar of Nemelex Xobeh.
  7693 | D:3      | Bought the amulet "Fina" {rElec Regen+} for 440 gold pieces
  8200 | D:8      | Identified the +1 robe "Bephoekk" {rC+ Dex+3}
  8201 | D:8      | Noticed a brown ugly thing
  8217 | D:8      | Reached skill level 9 in Fighting
  8551 | D:9      | Reached XP level 10. HP: 85/91 MP: 10/10
  8724 | D:9      | Reached skill level 10 in Fighting
  8787 | D:9      | Found a staircase to the Orcish Mines.
  8860 | D:9      | Found a staircase to the Lair.
  9093 | D:9      | Reached skill level 10 in Long Blades
  9531 | D:10     | Entered Level 10 of the Dungeon
  9674 | D:10     | Found Buwkegg's Assorted Antiques.
  9680 | D:10     | Bought an inky potion for 25 gold pieces
  9692 | D:10     | Reached skill level 11 in Fighting
  9697 | D:10     | Noticed a two-headed ogre
  9719 | D:10     | Killed a two-headed ogre
  9720 | D:10     | Reached XP level 11. HP: 77/102 MP: 11/11
  9790 | D:10     | Found a shimmering blue altar of Sif Muna.
  9796 | D:10     | Found a bloodstained altar of Trog.
  9798 | D:10     | Got the Textbook on the Petrous Retinue
 10045 | D:10     | Found Meseu's Vocational Training.
 10098 | D:10     | Found an ornate altar of the Wu Jian Council.
 10372 | D:10     | Found a glowing golden altar of the Shining One.
 10777 | D:11     | Noticed an alligator
 10801 | D:11     | Slain by an alligator

Illustrated notes

Levels and vault maps discovered:
D:1:      dpeg_arrival_tiny_h, layout_loops_cross, ebering_ecumenical_altar_mist
D:2:      layout_rooms, uniq_sigmund, uniq_jessica
D:3:      layout_rooms, serial_shops, shop, shop, shop, nicolae_diamond_shop,
          shop, minmay_between
D:4:      layout_basic, overflow_temple_1_default,
          nicolae_overflow_crystal_walls, nicolae_gozag_seed_capital,
          mainiacjoe_overflow_tiny_flanked, minmay_temple_entry_waves,
          serial_shops, shop
D:5:      layout_basic, mainiacjoe_overflow_cross_hatched
D:6:      layout_rooms, kennysheep_okawaru_gauntlet, nicolae_sextant,
          eino_small_chamber_without_monster, kennysheep_generic_room_2
D:7:      layout_cave_pools, nemelex_dance_club_becter,
          nicolae_shop_national_dungeon_mall, uniq_joseph
D:8:      layout_cave_pools
D:9:      layout_roguey, erik_lair_island, david_orc_5, serial_glass,
          glass_columns_b, glass_columns_b, glass_columns_a, glass_columns_a,
          glass_columns_b, glass_columns_c, glass_columns_a, glass_columns_a,
          glass_columns_c, glass_columns_c
D:10:     layout_loops_ring, hellmonk_overflow_destroyed_library,
          mainiacjoe_overflow_alcove_2, nzn_wu_jian_contemplation, serial_shops,
          nicolae_shop_waterfront, nicolae_shop_vocational
D:11:     layout_rooms, hangedman_parallel_progression

Skill      XL: |  1  2  3  4  5  6  7  8  9 10 |
---------------+-------------------------------+-----
Throwing       | 2 |  2.0
Dodging        | 3 4 5 6 7 8 |  8.8
Fighting       | 3 4 5 6 7 9 11 | 11.5
Long Blades    | 4 5 6 7 8 10 | 10.7
Shields        | 3 4 |  4.4

Action                     |  1- 3 |  4- 6 |  7- 9 | 10-12 || total
---------------------------+-------+-------+-------+-------++-------
  Melee: Long sword        |    82 |   158 |   614 |   500 ||  1354
         Tailslap          |    10 |    15 |    97 |    82 ||   204
         Punch             |       |     1 |     7 |       ||     8
  Throw: Throwing net      |     3 |       |     3 |       ||     6
  Evoke: Wand              |       |       |     7 |     3 ||    10
    Use: Scroll            |       |     8 |     3 |     6 ||    17
         Potion            |       |       |     3 |     2 ||     5
   Stab: Sleeping          |       |     1 |     2 |       ||     3
         Distracted        |       |       |     1 |     5 ||     6
 Armour: Skin              |    75 |   103 |   434 |   279 ||   891
  Dodge: Dodged            |    86 |   151 |   500 |   372 ||  1109
  Block: Buckler           |       |       |    22 |   139 ||   161

Table legend: (Time is in decaauts)
 A = Elapsed time spent in this place.
 B = Non-inter-level travel time spent in this place.
 C = Inter-level travel time spent in this place.
 D = Time resting spent in this place.
 E = Time spent auto-exploring this place.
 F = Levels seen in this place.
 G = Mean time per level.
                   A        B        C        D        E       F      G
               +--------+--------+--------+--------+--------+-----+--------+
         Total |  10882 |  10260 |    622 |   2205 |   5089 |  11 |  989.3 |
       Dungeon |  10882 |  10260 |    622 |   2205 |   5089 |  11 |  989.3 |
               +--------+--------+--------+--------+--------+-----+--------+

Top non-repeatable levels by time:
     D:5: 1840 daAuts
     D:6: 1339 daAuts
     D:4: 1233 daAuts
     D:1: 1111 daAuts
     D:2: 1078 daAuts
     D:9: 1072 daAuts
     D:7: 873 daAuts
    D:10: 825 daAuts
     D:8: 611 daAuts
     D:3: 509 daAuts
    D:11: 387 daAuts
